Map: Jagannatha LE

Players

DisK

  • Race: Protoss Protoss
  • Spawn Location: 7:00

Scarlett - Winner!

  • Race: Zerg Zerg
  • League: Master
  • Spawn Location: 1:00

Event: DreamHack SC2 Masters 2020 Winter

VOD

Have the link to the VOD?

Description

Time

  • Played on: Oct. 27, 2020, 4:11 p.m.
  • Length: 16:48

All games in this series

Show
View Real Time Build Order
Export as new Build Order

DisK Protoss 

Build Orders: 1 Gate Expand, Oracle Opening, Phoenix Opening, Carriers 

Get SALT Encoding   

  12  0:00  Probe  
  13  0:12  Probe  
  14  0:20  Pylon  
  14  0:24  Probe  
  15  0:38  Probe (Chrono Boost)  
  15  0:41  Gateway  
  16  0:48  Assimilator, Probe (Chrono Boost)  
  17  0:53  Probe (Chrono Boost)  
  18  1:04  Probe  
  19  1:16  Probe  
  20  1:24  Nexus  
  20  1:37  Cybernetics Core  
  20  1:39  Probe  
  21  1:44  Assimilator  
  21  1:51  Probe  
  22  1:54  Pylon  
  22  2:03  Probe (Chrono Boost)  
  23  2:10  Adept (Chrono Boost)  
  23  2:13  Probe (Chrono Boost)  
  26  2:19  Stargate  
  26  2:23  Probe  
  26  2:25  Warp Gate  
  27  2:32  Stalker (Chrono Boost)  
  29  2:37  Probe  
  29  2:40  Probe  
  31  2:49  Probe  
  32  2:53  Probe  
  33  3:02  Probe  
  33  3:03  Oracle (Chrono Boost)  
  37  3:06  Probe  
  38  3:14  Probe  
  38  3:17  Pylon  
  38  3:18  Probe  
  40  3:24  Gateway  
  40  3:26  Probe  
  41  3:29  Gateway  
  41  3:30  Probe (Chrono Boost)  
  42  3:34  Phoenix  
  45  3:42  Probe (Chrono Boost)  
  45  3:43  Probe (Chrono Boost)  
  45  3:44  Assimilator x2  
  45  3:47  Pylon  
  46  3:54  Stargate  
  46  4:00  Probe  
  47  4:06  Probe  
  47  4:07  Phoenix  
  50  4:12  Probe  
  51  4:18  Probe  
  52  4:25  Probe  
  52  4:30  Probe  
  54  4:32  Phoenix  
  54  4:33  Pylon  
  54  4:36  Adept x2  
  54  4:37  Probe  
  61  4:43  Probe  
  61  4:45  Nexus  
  62  4:49  Probe  
  64  4:55  Probe  
  64  4:56  Phoenix (Chrono Boost)  
  65  5:01  Probe  
  65  5:02  Pylon  
  65  5:04  Phoenix (Chrono Boost)  
  69  5:07  Probe  
  69  5:13  Probe  
  70  5:15  Robotics Facility  
  70  5:20  Probe  
  71  5:22  Shield Battery  
  71  5:23  Sentry x2  
  75  5:31  Probe  
  75  5:32  Probe  
  75  5:34  Phoenix  
  78  5:41  Pylon  
  78  5:42  Pylon  
  78  5:50  Forge  
  78  5:51  Twilight Council  
  78  5:57  Phoenix, Probe x2  
  81  5:58  Probe  
  81  5:59  Zealot  
  81  6:00  Pylon  
  85  6:06  Zealot  
  87  6:14  Immortal  
  91  6:21  Probe x2 (Chrono Boost)  
  91  6:22  Protoss Ground Weapons Level 1 (Chrono Boost), Shield Battery  
  91  6:25  Pylon  
  94  6:26  Probe (Chrono Boost)  
  94  6:29  Stalker  
  94  6:30  Stalker  
  100  6:32  Probe x2 (Chrono Boost)  
  100  6:36  Probe (Chrono Boost)  
  101  6:41  Robotics Bay, Probe x2  
  101  6:46  Assimilator  
  101  6:47  Assimilator  
  103  6:49  Gateway  
  103  6:50  Probe  
  103  6:53  Probe  
  105  6:57  Probe  
  106  7:08  Probe x2  
  103  7:09  Probe  
  103  7:13  Stalker x2  
  97  7:26  Gateway  
  97  7:27  Gateway  
  97  7:29  Gateway, Blink  
  94  7:31  Gateway  
  94  7:36  Colossus (Chrono Boost)  
  100  7:37  Extended Thermal Lance  
  100  7:43  Pylon  
  100  7:44  Gateway  
  100  7:45  Gateway  
  100  7:47  Sentry x2  
  100  7:48  Pylon  
  100  7:49  Pylon  
  104  8:01  Robotics Facility  
  104  8:03  Probe x3  
  107  8:07  Sentry  
  107  8:11  Sentry  
  107  8:12  Sentry  
  113  8:16  Pylon  
  113  8:18  Photon Cannon  
  113  8:26  Colossus (Chrono Boost)  
  119  8:36  Stalker x5  
  119  8:38  Nexus, Probe  
  119  8:40  Protoss Ground Weapons Level 2 (Chrono Boost)  
  128  8:42  Photon Cannon, Pylon  
  128  8:43  Pylon  
  128  8:48  Pylon  
  128  8:49  Observer  
  129  9:05  Photon Cannon  
  129  9:07  Photon Cannon  
  129  9:08  Shield Battery  
  129  9:11  Stalker, Gateway  
  129  9:12  Stalker x2  
  129  9:13  Gateway, Templar Archives  
  129  9:17  Pylon  
  135  9:19  Stalker x2, Shield Battery  
  139  9:25  Warp Prism  
  139  9:27  Disruptor  
  144  9:33  Probe x3  
  143  9:47  Stalker x5  
  153  10:01  Disruptor (Chrono Boost)  
  156  10:08  Stalker x6  
  168  10:14  Disruptor (Chrono Boost)  
  171  10:32  Probe x2  
  171  10:34  Assimilator x2, Charge  
  173  10:37  Photon Cannon  
  173  10:39  High Templar  
  173  10:40  High Templar  
  165  11:04  Zealot x5  
  165  11:05  Disruptor x2, Zealot x4  
  189  11:12  Protoss Ground Weapons Level 3  
  189  11:22  Gravitic Boosters  
  189  11:29  Zealot x4  
  189  11:30  Zealot  
  199  11:33  Dark Shrine  
  199  11:39  Psionic Storm  
  197  11:43  Nexus  
  197  11:46  Stalker  
  187  11:47  Pylon  
  173  12:06  High Templar x3  
  179  12:21  Fleet Beacon  
  179  12:22  Protoss Air Weapons Level 1 (Chrono Boost)  
  179  12:23  Stargate  
  179  12:25  Zealot x8  
  192  12:33  Pylon  
  152  12:41  Zealot x3  
  135  12:52  Photon Cannon  
  135  12:57  Zealot  
  135  12:58  Zealot x7  
  151  13:10  High Templar x3, Photon Cannon, Shield Battery  
  157  13:13  Photon Cannon  
  157  13:16  Carrier x2 (Chrono Boost), Shield Battery  
  157  13:17  Carrier (Chrono Boost)  
  157  13:18  Assimilator x2  
  175  13:23  Cybernetics Core  
  140  13:55  Zealot x5  
  144  13:57  Zealot x3  
  144  13:58  Zealot x3  
  144  13:59  Immortal x2  
  119  14:25  Carrier x2  
  137  14:32  Stargate  
  137  14:34  Nexus  
  137  14:45  Zealot x7  
  126  15:00  Zealot  
  126  15:01  Zealot x3  
  126  15:05  Zealot x2  
  126  15:06  Zealot x2  
  126  15:07  Zealot x2  
  110  15:24  Carrier (Chrono Boost)  
  115  15:28  High Templar x4  
  115  15:29  High Templar x3  
  115  15:34  Archon x3  
  129  15:36  High Templar x2  
  129  15:41  High Templar  
  129  15:42  High Templar  
  137  15:56  Observer x2  
  134  16:20  Zealot x8  
  140  16:28  Archon  
Show
View Real Time Build Order
Export as new Build Order

Scarlett Zerg - Winner!

Build Orders: Hatch First, Lurkers, Roach Hydra 

Get SALT Encoding   

  12  0:00  Drone  
  13  0:13  Overlord  
  13  0:16  Drone  
  14  0:32  Drone x2  
  16  0:47  Hatchery  
  15  0:51  Drone  
  15  0:55  Drone  
  17  0:58  Drone  
  18  1:10  Extractor  
  17  1:14  Spawning Pool  
  17  1:17  Drone  
  17  1:20  Drone  
  18  1:29  Drone  
  19  1:40  Drone  
  20  1:51  Overlord  
  20  2:00  Queen x2  
  25  2:01  Zergling x4  
  26  2:11  Drone  
  26  2:12  Drone  
  26  2:14  Metabolic Boost  
  28  2:24  Drone x2  
  30  2:34  Hatchery  
  29  2:40  Drone x2  
  31  2:45  Overlord  
  31  2:52  Zergling x2  
  31  2:54  Queen  
  33  3:03  Drone x2  
  35  3:10  Drone x5  
  40  3:15  Overlord  
  39  3:23  Queen  
  39  3:26  Drone x2  
  43  3:31  Spore Crawler  
  42  3:35  Zergling x2  
  42  3:38  Drone  
  42  3:39  Queen  
  42  3:40  Drone  
  42  3:41  Drone  
  48  3:44  Drone  
  48  3:46  Drone x2  
  51  3:50  Drone x2  
  51  3:52  Drone  
  54  3:59  Overlord  
  54  4:00  Drone x2  
  56  4:04  Spore Crawler  
  56  4:07  Overlord  
  55  4:19  Drone x8  
  61  4:26  Drone  
  62  4:33  Lair, Evolution Chamber  
  62  4:34  Roach Warren  
  62  4:35  Extractor  
  62  4:36  Drone  
  62  4:37  Drone, Extractor  
  60  4:49  Zergling x12  
  60  4:50  Drone x2  
  68  4:56  Extractor, Overlord x2  
  68  4:58  Overlord  
  68  4:59  Drone  
  68  5:00  Zerg Missile Weapons Level 1  
  68  5:02  Overlord  
  68  5:04  Overlord  
  68  5:10  Overlord x2  
  68  5:15  Drone x4  
  72  5:23  Drone  
  72  5:24  Drone x5  
  77  5:29  Drone x3  
  80  5:35  Extractor  
  80  5:36  Hydralisk Den, Glial Reconstitution  
  80  5:39  Drone x4  
  80  5:41  Extractor  
  80  5:42  Drone x2  
  83  5:43  Drone  
  83  5:44  Roach  
  86  5:50  Drone  
  86  5:51  Roach x3  
  93  5:58  Roach x4  
  101  6:05  Spore Crawler  
  101  6:06  Grooved Spines  
  101  6:08  Zergling x6  
  100  6:14  Zergling x12  
  104  6:22  Hatchery  
  103  6:26  Overlord x2  
  103  6:27  Hydralisk x2  
  103  6:32  Hydralisk x2  
  107  6:37  Hydralisk x2  
  113  6:45  Hydralisk x3  
  119  6:51  Drone x2  
  119  6:55  Hydralisk x4  
  125  7:07  Hydralisk x2  
  121  7:12  Overlord x5  
  118  7:21  Overlord x3  
  110  7:32  Drone x3  
  110  7:35  Zerg Missile Weapons Level 2  
  110  7:36  Muscular Augments  
  110  7:38  Drone  
  110  7:39  Drone  
  110  7:40  Infestation Pit  
  109  7:44  Overseer  
  109  7:45  Drone  
  109  7:46  Drone x2  
  109  7:50  Queen x2  
  114  7:56  Spore Crawler  
  113  7:58  Hatchery, Hydralisk x3  
  113  8:04  Spore Crawler  
  117  8:07  Drone  
  117  8:08  Drone x7  
  117  8:12  Drone x4  
  129  8:15  Extractor  
  129  8:16  Extractor  
  129  8:18  Spore Crawler  
  126  8:20  Hive  
  123  8:33  Drone x10, Lurker Den  
  126  8:38  Drone x4  
  129  8:50  Hydralisk x6  
  141  8:59  Overlord x2  
  141  9:02  Hydralisk x4  
  140  9:06  Roach x2  
  152  9:19  Hydralisk x7  
  166  9:25  Roach x2  
  170  9:33  Lurker  
  170  9:34  Viper x2, Lurker x4  
  170  9:35  Viper, Lurker  
  185  9:43  Seismic Spines  
  185  9:49  Drone  
  185  9:50  Spine Crawler  
  185  9:52  Spine Crawler x2  
  183  9:58  Spine Crawler  
  182  10:02  Zerg Missile Weapons Level 3  
  182  10:05  Drone x16  
  182  10:06  Evolution Chamber  
  197  10:10  Lurker x3, Extractor  
  197  10:12  Extractor  
  198  10:23  Lurker x2  
  200  10:36  Zerg Ground Armor Level 1  
  200  10:40  Adaptive Talons  
  191  10:51  Viper x2  
  191  10:56  Spore Crawler  
  196  11:01  Overlord  
  196  11:02  Overlord x2  
  196  11:03  Pneumatized Carapace, Overseer  
  196  11:05  Overseer x2  
  196  11:07  Hydralisk x2  
  200  11:11  Hatchery  
  198  11:36  Lurker Den  
  192  11:48  Hydralisk x4  
  196  12:07  Extractor  
  195  12:10  Spine Crawler  
  194  12:19  Viper x2  
  200  12:24  Spire  
  200  12:25  Adrenal Glands, Spire  
  200  12:32  Spire x2  
  200  12:34  Hydralisk x6  
  179  12:44  Drone x3  
  179  12:45  Drone x3  
  179  12:46  Drone x9  
  194  12:52  Queen x2  
  198  13:07  Zerg Ground Armor Level 2  
  198  13:08  Lurker x2  
  200  13:13  Hatchery  
  200  13:14  Extractor  
  200  13:16  Extractor, Spine Crawler  
  200  13:18  Spine Crawler x2  
  194  13:23  Evolution Chamber, Overlord  
  193  13:28  Hydralisk x4  
  199  13:48  Hydralisk x4  
  192  13:54  Hydralisk x2  
  199  14:05  Zerg Melee Weapons Level 1, Zerg Flyer Weapons Level 1, Zerg Flyer Armor Level 1  
  185  14:23  Zergling x2, Hydralisk x4  
  185  14:24  Zergling x12  
  197  14:52  Hydralisk x3  
  176  15:08  Corruptor x2  
  176  15:13  Hydralisk x4  
  176  15:14  Hydralisk x11  
  191  15:23  Lurker x6, Overseer  
  191  15:24  Overseer  
  195  15:39  Spine Crawler  
  195  15:40  Spine Crawler x2  
  192  15:42  Spore Crawler  
  192  15:43  Spine Crawler  
  192  15:45  Corruptor  
  192  15:46  Corruptor x4  
  200  15:56  Overlord  
Tags
 
Add a new tag
Caveats
  • Supply blocks, unpowered buildings, or Contaminate may cause inaccurate times.
  • Supply counts are checked every 10 seconds.